 Dungeon Crawl Stone Soup version 0.28-a0-1404-g4df0f3684d (webtiles) character file.

Game seed: 9080393946800178501

333 HallandMoats the Shield-Bearer (level 6, 0/48 HPs)
             Began as a Formicid Fighter on Jan 6, 2022.
             Was a Believer of Zin.
             Slain by a scorpion (8 damage)
             ... on level 4 of the Dungeon.
             The game lasted 00:04:49 (4954 turns).

HallandMoats the Shield-Bearer (Formicid Fighter)   Turns: 4954, Time: 00:04:50

Health: 0/48       AC:  5    Str: 20    XL:     6   Next: 83%
Magic:  7/7        EV: 12    Int:  8    God:    Zin [**....]
Gold:   74         SH:  5    Dex: 17    Spells: 5/5 levels left

rFire   + . .      SeeInvis +   b - +2 dagger (elec)
rCold   . . .      Faith    .   c - +0 buckler
rNeg    . . .      Spirit   .   n - +1 robe of Classification {rF+ Dex+5}
rPois   .          Reflect  .   (helmet unavailable)
rElec   .          Harm     .   l - +0 cloak
rCorr   .          Rampage  .   f - +0 pair of gloves
Will    .....                   (no boots)
Stlth   ++........              (no amulet)
HPRegen 0.16/turn               (no ring)
MPRegen 0.10/turn               (no ring)

@: lethally poisoned (0 -> -5)
A: permanent stasis, dig shafts and tunnels, antennae 3, four strong arms
a: Dig, Shaft Self, Renounce Religion, Recite, Vitalisation, Donate Gold


You were on level 4 of the Dungeon.
You worshipped Zin.
Zin was pleased with you.
You visited 1 branch of the dungeon, and saw 4 of its levels.

You collected 82 gold pieces.
You donated 8 gold pieces to Zin.

Inventory:

Hand Weapons
 a - a +0 war axe
 b - a +2 dagger of electrocution (weapon)
Armour
 c - a +0 buckler (worn)
 f - a +0 pair of gloves (worn)
 j - a +0 scale mail
 l - a +0 cloak (worn)
 n - the +1 robe of Classification (worn) {rF+ Dex+5}
   (You found it on level 3 of the Dungeon)

   Dex:       It affects your dexterity (+5).
   rF:        It protects you from fire.
Jewellery
 p - an amulet of reflection
Wands
 o - a wand of flame (31)
Scrolls
 e - 7 scrolls of identify {unknown}
 g - a scroll of summoning {unknown}
 h - 5 scrolls of teleportation {unknown}
 k - a scroll of silence {unknown}
 m - 2 scrolls of enchant weapon {unknown}
 q - 2 scrolls of torment {unknown}
 r - a scroll of fear {unknown}
 s - a scroll of immolation {unknown}
Potions
 d - 2 potions of mutation {unknown}
 i - a potion of brilliance {unknown}


   Skills:
 + Level 4.2 Fighting
 * Level 4.0 Axes
 + Level 4.1 Armour
 + Level 1.9 Dodging
 + Level 4.6 Shields
 + Level 2.4 Invocations


You had 5 spell levels left.
You didn't know any spells.
Your spell library contained the following spells:

 Spells                   Type           Power      Damage    Failure   Level
 Shock                    Conj/Air       0%         1d3       45%         1
 Airstrike                Air            0%         N/A       99%         4
 Manifold Assault         Tloc           0%         N/A       100%        5
 Storm Form               Tmut/Air       0%         N/A       100%        7
 Blink                    Tloc           Unusable   N/A       N/A         2
 Swiftness                Air            Unusable   N/A       N/A         3

Dungeon Overview and Level Annotations

Branches:
Dungeon (4/15)
 Temple: D:4-7

Altars:
Dithmenos
Gozag
Kikubaaqudgha
Vehumet
Yredelemnul
Zin

Shops:
D:4 *


Innate Abilities, Weirdness & Mutations

You cannot be hasted, slowed, berserked, paralysed or teleported.
You can dig through walls and to a lower floor.
You have a pair of large antennae on your head. (SInv)
Your four strong arms can wield two-handed weapons with a shield.


Message History

You barely miss the necrophage.
The necrophage is almost destroyed.
You block the necrophage's attack.
You hit the necrophage but do no damage.
The necrophage is almost destroyed.
The necrophage hits you.
You feel drained.
You are too injured to fight recklessly!
You are too injured to fight recklessly!
You hit the necrophage but do no damage.
Lightning courses through the necrophage!
You destroy the necrophage!
Zin accepts your kill.
Your life force feels restored.
Your Axes skill increases to level 4!
Your Armour skill increases to level 4!
The scorpion closely misses you.
You see here a necrophage corpse.
You are too injured to fight recklessly!
You hit the scorpion.
The scorpion is lightly wounded.
The scorpion stings you.
You are poisoned.
The scorpion poisons you! You block the scorpion's attack.
You barely miss the scorpion.
The scorpion is lightly wounded.
* * * LOW HITPOINT WARNING * * *
You feel very sick. The scorpion barely misses you.
You barely miss the scorpion.
The scorpion is lightly wounded.
* * * LOW HITPOINT WARNING * * *
You feel very sick. The scorpion closely misses you.
You closely miss the scorpion.
The scorpion is lightly wounded.
You feel sick.
The scorpion stings you but does no damage.
You barely miss the scorpion.
The scorpion is lightly wounded.
You feel sick. The scorpion closely misses you. The scorpion stings you!
You die...

###########.#.#.#.#..#########
###........##....###............
##........([##.....#.............
#..###########...................
#.## #.....)#.#........## #.#
#......#..........#. ..####
###.#### #........#. .....# #s#
#.......... .###.####### #@##
####.##.##### ..##.......## #..#
#....##.## #
..########..####..###.####...#
..# #........##......# #...#
#.####......#.....##### #...####
#...........###...# ##......#
######......##....# #........
######(.....#..#..#######.......#
....###....##.##.......##.#.#####


You could see a scorpion.

Vanquished Creatures
  A necrophage (D:4)
  Crazy Yiuf (D:2)
  An orc priest (D:3)
  Jessica (D:3)
  Ijyb (D:3)
  An orc wizard (D:2)
  Robin (D:3)
  An adder skeleton (D:4)
  2 worms (D:2)
  A dart slug (D:4)
  10 orcs
  7 bats
  4 endoplasms
  A giant cockroach (D:2)
  15 goblins
  10 hobgoblins
  3 ball pythons
  3 frilled lizards
  9 kobolds
  3 rats
76 creatures vanquished.

Notes
Turn   | Place    | Note
-------+----------+-------------------------------------------
     0 | D:1      | HallandMoats the Formicid Fighter began the quest for the
                  | Orb.
     0 | D:1      | Reached XP level 1. HP: 18/18 MP: 1/1
   142 | D:1      | Reached XP level 2. HP: 24/24 MP: 2/2
   838 | D:2      | Reached XP level 3. HP: 12/29 MP: 3/3
  1723 | D:2      | Reached skill level 1 in Invocations
  1813 | D:2      | Found a runed translucent door.
  1814 | D:2      | Noticed Crazy Yiuf
  2002 | D:2      | Killed Crazy Yiuf
  2003 | D:2      | Reached skill level 1 in Dodging
  2003 | D:2      | Reached XP level 4. HP: 11/37 MP: 3/5
  2412 | D:3      | Identified the +1 robe of Classification {rF+ Dex+5}
  2444 | D:3      | Found a basalt altar of Yredelemnul.
  2444 | D:3      | Found a shadowy altar of Dithmenos.
  2452 | D:3      | Found a radiant altar of Vehumet.
  2454 | D:3      | Found an ancient bone altar of Kikubaaqudgha.
  2456 | D:3      | Found an opulent altar of Gozag.
  2540 | D:3      | Reached XP level 5. HP: 18/42 MP: 6/6
  2730 | D:3      | Noticed Ijyb
  2732 | D:3      | Killed Ijyb
  3415 | D:3      | Noticed Jessica
  3428 | D:3      | Killed Jessica
  3429 | D:3      | Reached XP level 6. HP: 13/48 MP: 7/7
  3896 | D:3      | Noticed Robin
  3944 | D:3      | Killed Robin
  4123 | D:3      | Found a faded altar of an unknown god.
  4136 | D:3      | Prayed at the altar of an unknown god.
  4136 | D:3      | Became a worshipper of Zin the Law-Giver
  4136 | D:3      | Reached * piety under Zin
  4435 | D:4      | Found a glowing silver altar of Zin.
  4487 | D:4      | Found Torriw's Assorted Antiques.
  4818 | D:4      | Reached ** piety under Zin
  4933 | D:4      | Noticed a necrophage
  4947 | D:4      | Killed a necrophage
  4954 | D:4      | Slain by a scorpion

Illustrated notes

Levels and vault maps discovered:
D:1:      dpeg_arrival_ternary, layout_loops_ring, hangedman_decor_points
D:2:      layout_basic, uniq_crazy_yiuf_cottage
D:3:      layout_basic, chequers_temple_overflow_minitemple,
          hellmonk_ecumenical_altar_prayer_group, fountainhead, minivault_4,
          uniq_robin, uniq_ijyb, uniq_jessica
D:4:      layout_rooms, lemuel_coloured_pillars_altar,
          nicolae_overflow_crystal_walls, serial_shops,
          nicolae_shop_advertising_works [nicolae_subvault_shop_adworks],
          minmay_misc_feat_pillars

Skill      XL: |  1  2  3  4  5  6 |
---------------+-------------------+-----
Invocations    | 1 2 |  2.4
Axes           | 3 4 |  4.0
Dodging        | 1 |  1.9
Shields        | 4 |  4.6
Fighting       | 4 |  4.2
Armour         | 4 |  4.1

Action                   |  1- 3 |  4- 6 || total
-------------------------+-------+-------++-------
Melee: War axe           |    53 |       ||    53
       Dagger            |    49 |   160 ||   209
  Use: Potion            |     1 |       ||     1
 Stab: Invisible         |     1 |       ||     1
       Sleeping          |       |     1 ||     1
Armor: Scale mail        |    47 |       ||    47
       Robe              |       |    46 ||    46
Dodge: Dodged            |    47 |    90 ||   137
Block: Buckler           |    20 |    38 ||    58

Table legend: (Time is in decaauts)
 A = Elapsed time spent in this place.
 B = Non-inter-level travel time spent in this place.
 C = Inter-level travel time spent in this place.
 D = Time resting spent in this place.
 E = Time spent auto-exploring this place.
 F = Levels seen in this place.
 G = Mean time per level.
                   A        B        C        D        E       F      G
               +--------+--------+--------+--------+--------+-----+--------+
         Total |   4986 |   4927 |     59 |   1723 |   2427 |   4 | 1246.5 |
       Dungeon |   4986 |   4927 |     59 |   1723 |   2427 |   4 | 1246.5 |
               +--------+--------+--------+--------+--------+-----+--------+

Top non-repeatable levels by time:
     D:2: 2000 daAuts
     D:3: 1538 daAuts
     D:1: 814 daAuts
     D:4: 632 daAuts
